Map: Vaani Research Station (Void)

Players

llllllllllll (Zest) - Winner!

  • Race: Protoss Protoss
  • League: Master
  • Spawn Location: 6:00

SolO

  • Race: Zerg Zerg
  • Spawn Location: 12:00

Event: NationWars IV

VOD

Have the link to the VOD?

Description

Time

  • Played on: Jan. 7, 2017, 10:32 a.m.
  • Length: 11:24
Show
View Real Time Build Order
Export as new Build Order

llllllllllll Protoss - Winner!

Build Orders: 1 Gate Expand, Zealot Archon, Dark Templar Rush 

Get SALT Encoding   

  12  0:01  Probe (Chrono Boost)  
  13  0:11  Probe (Chrono Boost)  
  14  0:18  Pylon  
  14  0:22  Probe (Chrono Boost)  
  15  0:36  Probe (Chrono Boost)  
  15  0:38  Gateway  
  16  0:47  Probe (Chrono Boost)  
  16  0:48  Assimilator  
  17  0:57  Probe (Chrono Boost)  
  18  1:08  Probe (Chrono Boost)  
  19  1:22  Nexus  
  19  1:26  Probe (Chrono Boost)  
  20  1:35  Cybernetics Core  
  20  1:39  Probe (Chrono Boost)  
  21  1:44  Assimilator  
  21  1:49  Probe (Chrono Boost)  
  21  1:53  Pylon  
  22  2:00  Probe (Chrono Boost)  
  23  2:08  Stalker  
  23  2:12  Warp Gate  
  23  2:13  Probe (Chrono Boost)  
  26  2:25  Probe (Chrono Boost)  
  30  2:37  Mothership Core (Chrono Boost), Probe (Chrono Boost)  
  30  2:46  Twilight Council  
  30  2:48  Probe (Chrono Boost)  
  31  2:55  Probe (Chrono Boost)  
  33  2:58  Probe (Chrono Boost)  
  34  3:05  Probe (Chrono Boost)  
  34  3:09  Probe (Chrono Boost), Robotics Facility  
  35  3:16  Probe (Chrono Boost)  
  35  3:19  Probe (Chrono Boost)  
  37  3:26  Probe (Chrono Boost)  
  38  3:30  Probe (Chrono Boost)  
  38  3:32  Dark Shrine  
  39  3:34  Gateway  
  39  3:36  Gateway  
  39  3:39  Gateway  
  40  3:41  Probe (Chrono Boost)  
  40  3:43  Probe (Chrono Boost)  
  41  3:51  Warp Prism  
  41  3:53  Probe x2 (Chrono Boost)  
  43  4:00  Pylon  
  45  4:04  Assimilator x2  
  45  4:06  Probe (Chrono Boost)  
  46  4:10  Pylon  
  46  4:18  Probe (Chrono Boost)  
  46  4:19  Probe (Chrono Boost)  
  48  4:30  Probe (Chrono Boost)  
  49  4:33  Probe (Chrono Boost)  
  50  4:39  Pylon  
  50  4:41  Probe (Chrono Boost)  
  50  4:43  Probe (Chrono Boost)  
  52  4:53  Nexus  
  52  4:56  Dark Templar x4  
  52  4:59  Blink  
  60  5:02  Pylon  
  60  5:06  Probe x2 (Chrono Boost)  
  62  5:09  Archon, Observer  
  62  5:10  Archon  
  63  5:17  Pylon  
  63  5:19  Probe x2 (Chrono Boost)  
  65  5:31  Probe x2 (Chrono Boost)  
  65  5:33  Gateway  
  65  5:34  Gateway  
  67  5:35  Observer  
  67  5:37  Pylon  
  67  5:39  Forge  
  68  5:44  Probe (Chrono Boost)  
  68  5:45  Probe (Chrono Boost)  
  70  5:53  Immortal  
  70  5:57  Sentry  
  70  5:58  Sentry x2  
  70  6:02  Probe x2 (Chrono Boost)  
  82  6:06  Probe (Chrono Boost)  
  82  6:07  Assimilator  
  82  6:10  Assimilator  
  83  6:14  Probe (Chrono Boost)  
  83  6:15  Pylon  
  83  6:16  Pylon  
  84  6:19  Probe (Chrono Boost)  
  84  6:20  Probe (Chrono Boost)  
  86  6:27  Stalker  
  86  6:28  Stalker x3  
  86  6:30  Immortal  
  94  6:39  Sentry  
  99  6:47  Photon Cannon, Sentry  
  99  6:49  Photon Cannon  
  99  6:52  Gateway  
  99  6:53  Gateway  
  101  6:57  Sentry x2  
  101  6:58  Zealot x2  
  109  7:05  Immortal  
  109  7:09  Sentry  
  115  7:20  Sentry  
  115  7:21  Zealot x4  
  121  7:28  Protoss Ground Weapons Level 1  
  121  7:36  Zealot  
  115  7:44  Immortal  
  122  7:52  Pylon  
  122  7:54  Pylon  
  122  7:56  Zealot  
  122  7:57  Zealot x2, Pylon  
  125  8:08  Pylon  
  125  8:12  Pylon  
  125  8:14  Zealot  
  125  8:15  Zealot x4  
  133  8:22  Zealot x3  
  133  8:23  Immortal  
  143  8:36  Stalker x5  
  143  8:40  Photon Cannon  
  153  8:42  Photon Cannon  
  153  8:44  Photon Cannon  
  149  8:55  Photon Cannon  
  137  8:57  Stalker  
  137  8:58  Stalker x2  
  143  9:05  Photon Cannon  
  144  9:10  Stalker  
  144  9:11  Stalker x2  
  147  9:19  Stalker x2  
  152  9:26  Stalker x2  
  156  9:36  Pylon  
  156  9:41  Pylon  
  156  9:45  Observer  
  156  9:48  Nexus  
  156  9:58  Pylon  
  156  10:00  Templar Archives  
  156  10:05  Stalker x3  
  156  10:06  Stalker  
  164  10:11  Stalker  
  161  10:30  Stalker x3  
  161  10:31  Stalker x3  
  173  10:39  Probe x2 (Chrono Boost)  
  171  10:56  Stalker x6  
  171  10:57  Stalker  
  173  11:05  Sentry  
  155  11:21  Stalker  
  153  11:22  Stalker x3  
Show
View Real Time Build Order
Export as new Build Order

SolO Zerg 

Build Orders: Hatch First 

Get SALT Encoding   

  12  0:01  Drone  
  13  0:13  Overlord  
  13  0:18  Drone  
  14  0:31  Drone x2  
  17  0:35  Drone  
  17  0:53  Hatchery  
  17  0:56  Drone  
  17  0:59  Drone  
  18  1:11  Extractor  
  17  1:15  Spawning Pool  
  17  1:18  Drone  
  17  1:21  Drone  
  18  1:30  Drone  
  19  1:40  Overlord  
  19  2:01  Queen  
  19  2:02  Zergling x2  
  19  2:04  Zergling x2  
  19  2:05  Drone, Queen  
  26  2:11  Metabolic Boost  
  26  2:15  Drone  
  26  2:18  Drone  
  28  2:26  Drone  
  29  2:32  Drone  
  29  2:34  Drone  
  31  2:39  Overlord  
  31  2:50  Hatchery  
  30  2:53  Drone  
  30  2:55  Drone  
  32  3:03  Drone x2  
  34  3:05  Overlord  
  34  3:10  Drone x2  
  36  3:24  Drone  
  36  3:25  Overlord, Drone x3  
  40  3:32  Extractor  
  39  3:36  Drone x3  
  39  3:37  Lair  
  41  3:43  Roach Warren  
  41  3:47  Drone x2  
  42  3:50  Drone x2  
  44  3:56  Drone x3  
  44  3:59  Overlord  
  47  4:06  Overlord  
  47  4:08  Queen  
  49  4:10  Drone  
  49  4:12  Drone  
  49  4:13  Drone  
  52  4:18  Drone x3  
  52  4:21  Overlord  
  55  4:25  Roach  
  55  4:29  Roach, Spore Crawler  
  55  4:31  Roach  
  60  4:35  Roach x2  
  60  4:37  Glial Reconstitution  
  63  4:43  Overseer  
  63  4:46  Spore Crawler  
  63  4:49  Extractor, Drone  
  63  4:50  Drone x3  
  65  4:53  Roach x2  
  65  4:59  Zergling x10  
  74  5:06  Overlord  
  74  5:10  Drone  
  74  5:11  Drone x3  
  78  5:15  Extractor  
  78  5:18  Overseer  
  78  5:20  Overlord x2  
  77  5:24  Roach x2  
  79  5:32  Drone  
  79  5:33  Drone x2  
  82  5:38  Drone x3  
  82  5:41  Roach x4  
  82  5:42  Roach  
  95  5:47  Overlord  
  95  5:54  Roach x2  
  95  5:55  Overlord  
  96  6:00  Spore Crawler, Evolution Chamber  
  96  6:03  Overlord  
  94  6:05  Ravager  
  94  6:06  Ravager x3  
  94  6:07  Zergling x4, Roach  
  94  6:08  Zergling x6  
  105  6:12  Overlord  
  105  6:15  Roach x2  
  105  6:16  Roach x2  
  111  6:29  Roach  
  111  6:30  Zergling x2, Roach x4  
  122  6:34  Zergling x8  
  126  6:41  Zergling x4  
  126  6:42  Zergling x4  
  130  6:48  Overlord, Spire  
  130  6:49  Extractor  
  130  6:52  Drone  
  130  6:53  Drone  
  130  6:56  Zerg Melee Weapons Level 1  
  130  7:01  Overlord  
  130  7:08  Zergling x6  
  129  7:09  Zergling x12  
  130  7:30  Drone  
  130  7:31  Drone x2  
  130  7:36  Drone x4  
  130  7:37  Drone  
  133  7:39  Extractor  
  133  7:44  Drone x3  
  134  7:48  Hatchery  
  134  7:52  Overlord  
  130  8:05  Zerg Flyer Weapons Level 1  
  130  8:10  Hydralisk Den  
  126  8:20  Mutalisk x8  
  126  8:23  Zergling x4, Roach x3  
  126  8:24  Zergling x2  
  146  8:36  Lair  
  137  8:55  Roach x5  
  147  8:58  Overlord x3  
  147  9:00  Hatchery  
  147  9:02  Ravager  
  147  9:12  Overlord  
  147  9:15  Muscular Augments  
  147  9:30  Hatchery  
  146  9:32  Hydralisk x3  
  146  9:38  Hydralisk x3  
  154  9:46  Queen  
  154  9:48  Ravager x2  
  158  10:04  Hydralisk x4  
  166  10:11  Hydralisk x2  
  170  10:19  Hydralisk  
  170  10:20  Zergling x4  
  170  10:21  Zergling x2  
  163  10:28  Hydralisk x2  
  165  10:35  Hydralisk x2  
  166  10:41  Roach  
  166  10:42  Roach x2  
  174  10:48  Roach x2  
  174  10:49  Zergling x2, Roach  
  172  10:55  Hydralisk  
Tags
 
Add a new tag
Caveats
  • Supply blocks, unpowered buildings, or Contaminate may cause inaccurate times.
  • Supply counts are checked every 10 seconds.